 Dungeon Crawl Stone Soup version 0.31-a0-185-g9dded2c639 (webtiles) character file.

Game seed: 6734652718515499701

9296 qw the Markself (level 11, -3/67 HPs)
             Began as a Deep Elf Hunter on June 22, 2023.
             Was a Believer of Okawaru.
             Slain by a centaur warrior
             ... wielding a +0 battleaxe of pain
              (19 damage)
             ... on level 8 of the Dungeon.
             The game lasted 00:04:02 (8438 turns).

qw the Markself (Deep Elf Hunter)                   Turns: 8438, Time: 00:04:02

Health: -3/67      AC: 18    Str: 12    XL:     11   Next: 21%
Magic:  14/16      EV: 20    Int: 15    God:    Okawaru [**....]
Gold:   844        SH:  5    Dex: 16    Spells: 10/10 levels left

rFire   + + .        e - +0 orcbow
rCold   + . .        (shield currently unavailable)
rNeg    . . .        t - +1 scale mail {rF+}
rPois   +            c - +0 helmet
rElec   .            f - +2 cloak
rCorr   .            s - +1 pair of gloves
SInv    .            g - +0 pair of boots
Will    +....        b - amulet of reflection
Stlth   ++           a - +5 ring of evasion
HPRegen 0.31/turn    q - ring of protection from fire
MPRegen 0.15/turn

%: reflection
@: heroic
A: clumsy 1, cold resistance 1, poison resistance
a: Renounce Religion, Heroism


You were on level 8 of the Dungeon.
You worshipped Okawaru.
Okawaru was pleased with you.
You visited 2 branches of the dungeon, and saw 9 of its levels.

You collected 844 gold pieces.


Innate Abilities, Weirdness & Mutations

You are clumsy. (Dex -2)
Your flesh is cold resistant. (rC+)
Your system is resistant to poisons. (rPois)


   Skills:
 + Level 7.0(12.0) Fighting
 - Level 16.0(21.0) Ranged Weapons
 - Level 5.2(10.2) Armour
 - Level 8.4(13.4) Dodging
 - Level 1.2(6.2) Stealth
 - Level 4.1 Invocations


You had 10 spell levels left.
You didn't know any spells.
Your spell library was empty.

Inventory:

Hand Weapons
 e - a +0 orcbow (weapon)
Armour
 c - a +0 helmet (worn)
 f - a +2 cloak (worn)
 g - a +0 pair of boots (worn)
 h - the +1 ring mail "Vium" {+Blink Int+3}
   (You found it on level 2 of the Dungeon)

   Int:       It affects your intelligence (+3).
   +Blink:    It lets you blink.
 p - a +2 scale mail of fire resistance
 s - a +1 pair of gloves (worn)
 t - a +1 scale mail of fire resistance (worn)
 u - a +1 pair of gloves of hurling
 v - a +2 ring mail of poison resistance
Jewellery
 a - a +5 ring of evasion (left hand)
 b - an amulet of reflection (around neck)
 k - a +6 ring of strength
 q - a ring of protection from fire (right hand)
Wands
 o - a wand of digging (6)
Scrolls
 n - 6 scrolls of identify
Potions
 d - a potion of enlightenment
 i - a potion of haste
 j - 2 potions of might
 l - a potion of curing
 m - a potion of cancellation
 r - a potion of ambrosia {unknown}

Dungeon Overview and Level Annotations

Branches:
Dungeon (8/15)             Temple (1/1) D:5
   Lair: D:8-11

Altars:
Ashenzari
Cheibriados
Dithmenos
Elyvilon
Fedhas
Gozag
Hepliaklqana
Kikubaaqudgha
Makhleb
Nemelex Xobeh
Okawaru
Qazlal
Ru
Sif Muna
Trog
Uskayaw
Vehumet
Wu Jian
Xom
Yredelemnul
Zin
The Shining One

Annotations:
D:5 1 runed translucent door, Crazy Yiuf


Message History

You shoot an arrow. The arrow hits the purple ugly thing!
The purple ugly thing is severely wounded.
You block the purple ugly thing's attack.
You shoot an arrow.
The arrow hits the purple ugly thing but does no damage.
The purple ugly thing is severely wounded.
The purple ugly thing bites you but does no damage.
You shoot an arrow. The arrow hits the purple ugly thing.
The purple ugly thing is almost dead.
The purple ugly thing misses you.
You shoot an arrow. The arrow hits the purple ugly thing!
The purple ugly thing is almost dead.
You feel like a meek peon again. The purple ugly thing bites you!
8433 ||| INVOKING Heroism.
You gain the combat prowess of a mighty hero.
You block the purple ugly thing's attack.
You shoot an arrow.
The arrow barely misses the purple ugly thing.
The purple ugly thing closely misses you.
You shoot an arrow. The arrow hits the purple ugly thing!
You kill the purple ugly thing!
Okawaru is honoured by your kill.
The centaur warrior shoots an arrow.
The arrow barely misses you.
Your base Dodging skill increases to level 8!
You shoot an arrow.
The arrow completely misses the centaur warrior.
The centaur warrior unwields a +0 orcbow.
The centaur warrior wields a +0 battleaxe of pain.
The centaur warrior hits you with a +0 battleaxe of pain!
You writhe in agony.
The centaur warrior kicks you but does no damage.
You shoot an arrow.
The arrow barely misses the centaur warrior.
The centaur warrior barely misses you. x2
You shoot an arrow. The arrow hits the centaur warrior!
The centaur warrior is lightly wounded.
You block the centaur warrior's attack. x2
The centaur warrior hits you with a +0 battleaxe of pain!!
You die...

.........# #..#..............
........## #..#..............
.....##'# #..#........<####.
..####..# #..#.....########.
###....## .#####..#.....######.).
#......# ........#..............
....#..# .......K#....######..#.
...##..##########c#......####.##.
..###....)......@.#....#....#.##.
..# #....%........#....####...##)
.###############..#....# ##..##.
.... .........#....# #>.... ....
.........#....# ###.###. ####
############### #....... #.......
#......? #.......


You could see a centaur warrior and a kobold brigand.

Vanquished Creatures
  2 centaur warriors (D:8)
  2 two-headed ogres (D:8)
  An ugly thing (D:8)
  2 cyclopes (D:8)
  A gargoyle (D:8)
  A hornet (D:8)
  A slime creature (D:8)
  A wyvern (D:8)
  2 yaks (D:8)
  2 steam dragons
  Menkaure (D:6)
  An acid dragon (D:8)
  Duvessa (D:7)
  4 water moccasins
  2 orc warriors (D:8)
  5 ice beasts
  A black bear (D:7)
  A sky beast (D:7)
  3 ogres
  5 centaurs
  2 phantoms (D:7)
  4 kobold brigands
  3 scorpions
  A gnoll sergeant (D:8)
  2 bullfrogs (D:8)
  7 wights
  Dowan (D:7)
  2 killer bees (D:8)
  2 howler monkeys
  2 hounds
  2 orc priests (D:8)
  A gnoll bouda (D:5)
  3 jellies
  3 sleepcaps (D:8)
  Ijyb (D:3)
  4 iguanas
  Natasha (thrice) (D:3)
  5 orc wizards
  5 gnolls (D:5)
  7 adders
  2 shadow imps
  5 white imps
  An ufetubus (D:6)
  2 worms
  3 dart slugs
  21 orcs
  8 ball pythons
  3 bats
  5 endoplasms
  13 giant cockroaches
  12 goblins
  5 hobgoblins
  2 jackals (D:3)
  12 kobolds
  4 quokkas
  2 rats
199 creatures vanquished.

Vanquished Creatures (others)
  An orc (D:5)
1 creature vanquished.

Grand Total: 200 creatures vanquished

Notes
Turn   | Place    | Note
-------+----------+-------------------------------------------
     0 | D:1      | qw the Deep Elf Hunter began the quest for the Orb.
     0 | D:1      | Reached XP level 1. HP: 12/12 MP: 3/3
     0 | D:1      | 0 ||| qw: Version: 0.3-a-9-g12657ce
     0 | D:1      | 0 ||| qw: Game counter: 1763
     0 | D:1      | 0 ||| qw: Always use a shield: true
     0 | D:1      | 0 ||| qw: God list: Okawaru
     0 | D:1      | 0 ||| qw: Allow faded altars: false
     0 | D:1      | 0 ||| qw: Do Orc after D:15 true
     0 | D:1      | 0 ||| qw: Do second Lair branch before Depths: true
     0 | D:1      | 0 ||| qw: Lair rune preference: random
     0 | D:1      | 0 ||| qw: Plans: Normal
     0 | D:1      | 0 ||| PLANNING D:1-11
    94 | D:1      | Found a faded altar of an unknown god.
   162 | D:1      | Reached XP level 2. HP: 16/16 MP: 4/4
   236 | D:1      | Reached skill level 6 in Ranged Weapons
   662 | D:1      | 662 ||| UPGRADING to +0 scale mail.
   672 | D:1      | 672 ||| DROPPING +0 leather armour.
   673 | D:1      | 673 ||| READING scroll labelled RIDIM AMUTWA.
   674 | D:1      | 674 ||| DRINKING 2 sapphire potions.
   675 | D:1      | 675 ||| DRINKING 2 golden potions.
   676 | D:1      | 676 ||| DRINKING 3 black potions.
   677 | D:1      | 677 ||| DRINKING 2 murky clear potions.
   677 | D:1      | Gained mutation: You possess an exceptional clarity of
                  | mind. [potion of mutation]
   677 | D:1      | Gained mutation: Potions are less effective at restoring
                  | your health. [potion of mutation]
   678 | D:1      | 678 ||| DRINKING potion of mutation.
   678 | D:1      | Lost mutation: Potions are less effective at restoring your
                  | health. [potion of mutation]
   678 | D:1      | Lost mutation: You possess an exceptional clarity of mind.
                  | [potion of mutation]
   678 | D:1      | Gained mutation: Your system is resistant to poisons.
                  | (rPois) [potion of mutation]
   678 | D:1      | Gained mutation: You are clumsy. (Dex -2) [potion of
                  | mutation]
   678 | D:1      | Gained mutation: Your flesh is cold resistant. (rC+)
                  | [potion of mutation]
   679 | D:1      | 679 ||| DROPPING scroll of butterflies.
   680 | D:1      | 680 ||| DROPPING 2 potions of brilliance.
   707 | D:2      | 707 ||| STAIRDANCE
   875 | D:2      | Reached XP level 3. HP: 20/20 MP: 5/5
   928 | D:2      | Identified the +1 ring mail "Vium" {+Blink Int+3}
   936 | D:2      | Reached skill level 7 in Ranged Weapons
  1126 | D:2      | 1126 ||| UPGRADING to +1 ring mail "Vium" {+Blink Int+3}.
  1136 | D:2      | 1136 ||| DROPPING +0 scale mail.
  1137 | D:2      | 1137 ||| UPGRADING to amulet of reflection.
  1142 | D:2      | 1142 ||| UPGRADING to +5 ring of evasion.
  1143 | D:2      | 1143 ||| UPGRADING to +6 ring of strength.
  1144 | D:2      | 1144 ||| READING scroll labelled TUVEPT ETED.
  1145 | D:2      | 1145 ||| DRINKING 2 pink potions.
  1180 | D:2      | 1180 ||| DROPPING potion of lignification.
  1208 | D:3      | Noticed Natasha
  1216 | D:3      | Killed Natasha
  1217 | D:3      | Reached XP level 4. HP: 19/25 MP: 6/6
  1253 | D:3      | Noticed Ijyb
  1263 | D:3      | Killed Ijyb
  1264 | D:3      | Reached skill level 8 in Ranged Weapons
  1600 | D:3      | Noticed Natasha
  1622 | D:3      | Killed Natasha
  1623 | D:3      | Reached XP level 5. HP: 28/29 MP: 7/7
  1628 | D:3      | Noticed Natasha
  1640 | D:3      | Killed Natasha
  1950 | D:3      | 1950 ||| UPGRADING to +2 cloak.
  1955 | D:3      | 1955 ||| READING scroll labelled WITUZXUHOA.
  1956 | D:3      | 1956 ||| READING scroll labelled TIHOFE TOPUFI.
  1957 | D:3      | 1957 ||| READING scroll labelled WOWYSIBREE.
  1974 | D:4      | Reached skill level 9 in Ranged Weapons
  2027 | D:4      | Reached skill level 3 in Dodging
  2178 | D:4      | Found a shimmering blue altar of Sif Muna.
  2189 | D:4      | Reached XP level 6. HP: 26/35 MP: 8/8
  2258 | D:4      | Noticed an ice beast
  2267 | D:4      | Killed an ice beast
  2268 | D:4      | Reached skill level 10 in Ranged Weapons
  2543 | D:4      | Found a shadowy altar of Dithmenos.
  2775 | D:4      | 2775 ||| UPGRADING to +1 pair of gloves.
  2780 | D:4      | 2780 ||| UPGRADING to ring of protection from fire.
  2782 | D:4      | 2782 ||| READING scroll labelled TEDEBO VISAMME.
  2883 | D:4      | 2883 ||| READING scroll labelled RANLIFEVID.
  2884 | D:4      | 2884 ||| READING scroll labelled ALIMMO HUHIKOV.
  2885 | D:4      | 2885 ||| DRINKING 2 bubbling purple potions.
  2886 | D:4      | 2886 ||| DRINKING 2 sedimented red potions.
  2887 | D:4      | 2887 ||| DRINKING 2 emerald potions.
  2992 | D:4      | 2992 ||| DROPPING potion of berserk rage.
  3069 | D:5      | Entered Level 5 of the Dungeon
  3077 | D:5      | Reached skill level 1 in Armour
  3077 | D:5      | Reached XP level 7. HP: 40/40 MP: 9/9
  3158 | D:5      | Found a runed translucent door.
  3159 | D:5      | Noticed Crazy Yiuf
  3325 | D:5      | Reached skill level 11 in Ranged Weapons
  3397 | D:5      | Found a staircase to the Ecumenical Temple.
  3398 | D:5      | 3398 ||| PLANNING TEMPLE
  3398 | D:5      | 3398 ||| UPGRADING to +0 helmet.
  3403 | D:5      | 3403 ||| DROPPING +1 hat of intelligence.
  3412 | Temple   | Entered the Ecumenical Temple
  3569 | Temple   | 3569 ||| PLANNING D:1-11
  4144 | D:5      | 4144 ||| READING 2 scrolls labelled MIC KATIBY.
  4145 | D:5      | 4145 ||| DROPPING scroll of immolation.
  4201 | D:6      | Reached skill level 12 in Ranged Weapons
  4232 | D:6      | Noticed Menkaure
  4236 | D:6      | 4236 ||| FLEEEEING.
  4237 | D:6      | 4237 ||| FLEEEEING.
  4238 | D:6      | 4238 ||| FLEEEEING.
  4239 | D:6      | 4239 ||| FLEEEEING.
  4240 | D:6      | 4240 ||| FLEEEEING.
  4241 | D:6      | 4241 ||| FLEEEEING.
  4242 | D:6      | 4242 ||| FLEEEEING.
  4242 | D:6      | HP: 8/40 [??? (5)]
  4243 | D:6      | 4243 ||| FLEEEEING.
  4244 | D:6      | 4244 ||| STAIRDANCE
  4461 | D:5      | 4461 ||| READING 2 scrolls of identify.
  4461 | D:5      | 4461 ||| IDENTIFYING inky potion
  4462 | D:5      | 4462 ||| DROPPING potion of attraction.
  4513 | D:6      | Killed Menkaure
  4514 | D:6      | Reached skill level 3 in Fighting
  4514 | D:6      | Reached XP level 8. HP: 46/46 MP: 10/10
  4721 | D:6      | Reached skill level 13 in Ranged Weapons
  5199 | D:6      | Found a sparkling altar of Nemelex Xobeh.
  5252 | D:6      | 5252 ||| UPGRADING to +0 pair of boots.
  5257 | D:6      | 5257 ||| READING 2 scrolls of identify.
  5257 | D:6      | 5257 ||| IDENTIFYING puce potion
  5327 | D:7      | 5327 ||| Stepping ~*~*~tactically~*~*~ (outnumbered).
  5334 | D:7      | 5334 ||| Stepping ~*~*~tactically~*~*~ (outnumbered).
  5343 | D:7      | Reached skill level 14 in Ranged Weapons
  5367 | D:7      | Noticed Duvessa
  5367 | D:7      | Noticed Dowan
  5386 | D:7      | Killed Duvessa
  5387 | D:7      | Reached XP level 9. HP: 22/52 MP: 11/11
  5393 | D:7      | HP: 5/52 [Dowan/stone arrow (19)]
  5394 | D:7      | 5394 ||| READING scroll of teleportation.
  5395 | D:7      | 5395 ||| DRINKING potion of heal wounds.
  5399 | D:7      | Killed Dowan
  5770 | D:7      | Reached skill level 6 in Dodging
  5903 | D:7      | 5903 ||| Stepping ~*~*~tactically~*~*~ (outnumbered).
  5905 | D:7      | 5905 ||| Stepping ~*~*~tactically~*~*~ (outnumbered).
  5907 | D:7      | 5907 ||| Stepping ~*~*~tactically~*~*~ (outnumbered).
  5909 | D:7      | 5909 ||| Stepping ~*~*~tactically~*~*~ (outnumbered).
  5910 | D:7      | 5910 ||| Stepping ~*~*~tactically~*~*~ (outnumbered).
  6028 | D:7      | HP: 10/52 [orc wizard/magic dart (12)]
  6029 | D:7      | 6029 ||| READING scroll of teleportation.
  6031 | D:7      | HP: 3/52 [something/magic dart (4)]
  6042 | D:7      | 6042 ||| FLEEEEING.
  6043 | D:7      | 6043 ||| FLEEEEING.
  6062 | D:7      | HP: 8/54 [orc wizard/+0 dagger (3)]
  6067 | D:7      | HP: 8/54 [something (1)]
  6314 | D:7      | Reached skill level 3 in Armour
  6421 | D:7      | Found an iron altar of Okawaru.
  6422 | D:7      | 6422 ||| PLANNING OKAWARU WORSHIP
  6422 | D:7      | 6422 ||| UPGRADING to +1 scale mail of fire resistance.
  6432 | D:7      | 6432 ||| READING scroll labelled WUMAUMPARECW.
  6433 | D:7      | 6433 ||| READING scroll labelled XIOFOT BEISOFF.
  6434 | D:7      | 6434 ||| READING scroll labelled ECIMEY MERO.
  6435 | D:7      | 6435 ||| READING 2 scrolls of identify.
  6435 | D:7      | 6435 ||| IDENTIFYING clear potion
  6436 | D:7      | Found a basalt altar of Yredelemnul.
  6443 | D:7      | Became a worshipper of Warmaster Okawaru
  6444 | D:7      | 6444 ||| PLANNING D:1-11
  6753 | D:8      | Noticed a cyclops
  6756 | D:8      | 6756 ||| FLEEEEING.
  6786 | D:8      | HP: 2/54 [cyclops (19)]
  6787 | D:8      | 6787 ||| READING scroll of teleportation.
  6788 | D:8      | Killed a cyclops
  7166 | D:8      | 7166 ||| SWAPPING to +0 orcbow.
  7167 | D:8      | 7167 ||| DROPPING +1 shortbow.
  7257 | D:8      | 7257 ||| Stepping ~*~*~tactically~*~*~ (outnumbered).
  7328 | D:8      | Reached * piety under Okawaru
  7329 | D:8      | Reached XP level 10. HP: 48/59 MP: 12/12
  7463 | D:8      | 7463 ||| Stepping ~*~*~tactically~*~*~ (outnumbered).
  7489 | D:8      | 7489 ||| INVOKING Heroism.
  7490 | D:8      | 7490 ||| Stepping ~*~*~tactically~*~*~ (outnumbered).
  7493 | D:8      | Reached skill level 1 in Invocations
  7516 | D:8      | Noticed a centaur warrior
  7520 | D:8      | 7520 ||| INVOKING Heroism.
  7534 | D:8      | Killed a centaur warrior
  7535 | D:8      | Reached skill level 15 in Ranged Weapons
  7535 | D:8      | Reached skill level 3 in Invocations
  7537 | D:8      | 7537 ||| INVOKING Heroism.
  7540 | D:8      | Noticed a gargoyle
  7541 | D:8      | Killed a gargoyle
  7546 | D:8      | Noticed a cyclops
  7555 | D:8      | Killed a cyclops
  7662 | D:8      | 7662 ||| INVOKING Heroism.
  7669 | D:8      | Reached skill level 16 in Ranged Weapons
  7814 | D:8      | 7814 ||| Stepping ~*~*~tactically~*~*~ (outnumbered).
  7830 | D:8      | 7830 ||| INVOKING Heroism.
  7959 | D:8      | 7959 ||| INVOKING Heroism.
  7960 | D:8      | Noticed a two-headed ogre
  7973 | D:8      | Reached skill level 6 in Fighting
  7979 | D:8      | Killed a two-headed ogre
  7979 | D:8      | Reached ** piety under Okawaru
  8132 | D:8      | 8132 ||| INVOKING Heroism.
  8142 | D:8      | Noticed a centaur warrior
  8157 | D:8      | Killed a centaur warrior
  8158 | D:8      | Reached XP level 11. HP: 30/66 MP: 16/16
  8163 | D:8      | 8163 ||| INVOKING Heroism.
  8400 | D:8      | Noticed a two-headed ogre
  8401 | D:8      | 8401 ||| INVOKING Heroism.
  8406 | D:8      | Noticed a purple ugly thing
  8408 | D:8      | Noticed a centaur warrior
  8410 | D:8      | 8410 ||| Stepping ~*~*~tactically~*~*~ (outnumbered).
  8420 | D:8      | Killed a two-headed ogre
  8433 | D:8      | 8433 ||| INVOKING Heroism.
  8435 | D:8      | Killed a purple ugly thing
  8436 | D:8      | HP: 16/67 [centaur warrior/+0 battleaxe of pain (3)]
  8438 | D:8      | Slain by a centaur warrior

Levels and vault maps discovered:
D:1:      minmay_arrival_cross, layout_loops_cross,
          shapermc_ecumenical_altar_totnotflames
D:2:      minmay_roachtagon, layout_rooms
D:3:      layout_basic, uniq_ijyb, uniq_natasha
D:4:      minmay_polygon_palace, layout_cave_pools, lemuel_round_altar,
          mainiacjoe_overflow_paths, hangedman_abyss_or_decor_stabs
D:5:      layout_loops_ring, minmay_temple_entry_sparse_star,
          roderic_serpentine_path, uniq_crazy_yiuf_cottage
D:6:      layout_gridville, nemelex_dance_club_becter, fountainhead,
          uniq_menkaure
D:7:      layout_basic, minitemple, enter_bailey_3, uniq_duvessa
D:8:      minmay_quarter_circles, layout_basic, minmay_pinched_square
Temple:   nicolae_temple_bog_church

Skill      XL: |  1  2  3  4  5  6  7  8  9 10 11 |
---------------+----------------------------------+-----
Ranged Weapons | 6 7 8 9 10 12 14 16 | 16.0
Fighting       | 2 3 4 5 6 7 |  7.0
Dodging        | 3 4 6 7 8 |  8.4
Armour         | 1 2 4 5 |  5.2
Invocations    | 4 |  4.1
Stealth        | |  1.2

Action                     |  1- 3 |  4- 6 |  7- 9 | 10-12 || total
---------------------------+-------+-------+-------+-------++-------
   Fire: Shortbow          |   105 |   173 |   476 |       ||   754
         Orcbow            |       |       |    43 |   220 ||   263
 Invoke: Heroism           |       |       |       |    10 ||    10
    Use: Potion            |     6 |     3 |     1 |       ||    10
         Scroll            |     2 |     6 |    10 |       ||    18
 Armour: Scale mail        |    38 |       |    15 |    70 ||   123
         Leather armour    |     2 |       |       |       ||     2
         Ring mail         |     1 |    11 |    85 |       ||    97
  Dodge: Dodged            |    43 |    43 |   235 |   117 ||   438
  Block: Other             |       |     9 |    61 |    53 ||   123
         Reflection        |       |       |     4 |     1 ||     5

Table legend:
 A = Non-vault XP
 B = Vault XP
 C = Vault XP percentage of total XP
 D = Non-vault monster count
 E = Vault monster count
 F = Vault count percentage of total count
                 A         B        C        D         E       F
            +---------+---------+-------+---------+---------+-------
      Total |    4740 |    8540 |  64.3 |     129 |      70 |  35.2
            +---------+---------+-------+---------+---------+-------
        D:1 |      27 |       0 |   0.0 |      12 |       0 |   0.0
        D:2 |      42 |      22 |  34.4 |       9 |      11 |  55.0
        D:3 |     110 |      73 |  39.9 |      16 |       2 |  11.1
        D:4 |     323 |     105 |  24.5 |      21 |       8 |  27.6
        D:5 |     501 |       0 |   0.0 |      16 |       0 |   0.0
        D:6 |     872 |     293 |  25.2 |      12 |       3 |  20.0
        D:7 |    1781 |     225 |  11.2 |      30 |       6 |  16.7
        D:8 |    1084 |    7822 |  87.8 |      13 |      40 |  75.5
            +---------+---------+-------+---------+---------+-------
